 Dungeon Crawl Stone Soup version 0.30-b1-2-g02819fbbbe (webtiles) character file.

Game seed: 17400778791340012037

200850 LLlMATKO the Warrior (level 17, -6/258 HPs)
             Began as a Minotaur Berserker on Aug 28, 2023.
             Was the Champion of Trog.
             Killed from afar by a thorn hunter (9 damage)
             ... with a volley of thorns
             ... on level 4 of the Swamp.
             The game lasted 00:46:50 (34136 turns).

LLlMATKO the Warrior (Minotaur Berserker)          Turns: 34136, Time: 00:46:51

Health: -6/258     AC: 30    Str: 29    XL:     17   Next: 89%
Magic:  16/16      EV: 20    Int:  5    God:    Trog [******]
Gold:   3417       SH: 10    Dex: 23    Spells: 16/16 levels left

rFire   . . .        a - +4 broad axe "Qigeti" {flame, rF+ rC+ rCorr}
rCold   + + +        L - +1 buckler {reflect}
rNeg    + . .        C - +2 plate armour
rPois   +            (helmet restricted)
rElec   +            m - +3 cloak "Biwentia" {-Cast rElec rN+ Dex+4}
rCorr   +            K - +0 pair of gloves
SInv    +            q - +0 pair of boots of Nurao {rPois rF- rC++ Int+3}
Will    +....        Z - amulet of the Parsimonious Lemon {RegenMP rCorr Dex+2 SInv} Stlth
                     p - +6 ring of dexterity
HPRegen 0.63/turn    y - ring "Mil Luer" {Slay+5 SInv}
MPRegen 0.55/turn

%: no spellcasting, reflection
@: berserking, lethally poisoned (-6 -> -7), very quick
A: horns 2, retaliatory headbutt, dopey 1
}: 1/15 runes: gossamer
a: Renounce Religion, Berserk, Trog's Hand, Brothers in Arms


You were on level 4 of the Swamp.
You worshipped Trog.
Trog was exalted by your worship.
You visited 5 branches of the dungeon, and saw 30 of its levels.

You collected 4267 gold pieces.
You spent 850 gold pieces at shops.

Inventory:

Hand Weapons
 a - the +4 broad axe "Qigeti" (weapon) {flame, rF+ rC+ rCorr}
   (You bought it in a shop on level 13 of the Dungeon)

   rF:        It protects you from fire.
   rC:        It protects you from cold.
   rCorr:     It protects you from acid and corrosion.
 v - the +0 hand axe "Newtbane" {flame, Fly rPois}
   (You found it on level 5 of the Lair of Beasts)

   rPois:     It protects you from poison.
   Fly:       It grants you flight.
 D - a +1 war axe of electrocution
 O - a +7 hand axe of flaming
Missiles
 u - 35 poisoned darts
 A - 3 atropa-tipped darts (quivered)
 N - 2 throwing nets
Armour
 m - the +3 cloak "Biwentia" (worn) {-Cast rElec rN+ Dex+4}
   (You found it on level 3 of the Dungeon)

   Dex:       It affects your dexterity (+4).
   rElec:     It insulates you from electricity.
   rN:        It protects you from negative energy.
   -Cast:     It prevents spellcasting.
 q - the +0 pair of boots of Nurao (worn) {rPois rF- rC++ Int+3}
   (You found it on level 4 of the Spider Nest)

   Int:       It affects your intelligence (+3).
   rF:        It makes you vulnerable to fire.
   rC:        It greatly protects you from cold.
   rPois:     It protects you from poison.
 C - a +2 plate armour (worn)
 K - a +0 pair of gloves (worn)
 L - a +1 buckler of reflection (worn)
 X - the +6 scale mail of Podu {Fly rC+ rN+ Dex-3}
   (You found it on level 1 of the Lair of Beasts)

   Dex:       It affects your dexterity (-3).
   rC:        It protects you from cold.
   rN:        It protects you from negative energy.
   Fly:       It grants you flight.
Jewellery
 g - a ring of fire
 p - a +6 ring of dexterity (left hand)
 t - a +6 ring of strength
 y - the ring "Mil Luer" (right hand) {Slay+5 SInv}
   (You acquired it on level 2 of the Spider Nest)

   [ring of see invisible]

   Slay:      It affects your accuracy & damage with ranged weapons and melee
   (+5).
   SInv:      It lets you see invisible.
 E - an amulet of guardian spirit
 S - a ring of magical power
 Y - a ring of ice
 Z - the amulet of the Parsimonious Lemon (around neck) {RegenMP rCorr Dex+2 SInv}
   (You found it on level 15 of the Dungeon)

   [amulet of magic regeneration]

   It increases your rate of magic regeneration.
   Dex:       It affects your dexterity (+2).
   SInv:      It lets you see invisible.
   rCorr:     It protects you from acid and corrosion.
Wands
 F - a wand of digging (4)
 I - a wand of acid (20)
 M - a wand of flame (68)
 P - a wand of polymorph (29)
 T - a wand of mindburst (21)
 V - a wand of charming (15)
 W - a wand of roots (8)
Scrolls
 c - 3 scrolls of blinking
 d - 16 scrolls of identify
 e - 8 scrolls of noise
 i - 20 scrolls of teleportation
 k - 2 scrolls of poison
 l - 3 scrolls of enchant weapon
 n - a scroll of summoning
 r - 6 scrolls of immolation
 s - 5 scrolls of brand weapon
 w - 3 scrolls of fear
 x - 3 scrolls of enchant armour
 H - 2 scrolls of fog
Potions
 b - 3 potions of invisibility {unknown}
 f - 5 potions of lignification
 h - 5 potions of cancellation
 j - 14 potions of curing
 o - 9 potions of might
 z - 3 potions of magic
 B - 4 potions of flight
 J - 5 potions of haste
 Q - 9 potions of heal wounds
 R - a potion of resistance {unknown}
 U - 13 potions of ambrosia


   Skills:
 + Level 20.7 Fighting
 + Level 18.3 Axes
 + Level 20.5 Armour
 + Level 16.6 Dodging
 + Level 16.9 Shields


You had 16 spell levels left.
You didn't know any spells.
Your spell library was empty.

Dungeon Overview and Level Annotations

Branches:
Dungeon (15/15)            Temple (0/1) D:7            Lair (5/5) D:8
  Swamp (4/4) Lair:2       Spider (4/4) Lair:2        Slime (0/5) Lair:5
    Orc (2/2) D:12            Elf (0/3) Orc:2        Vaults (0/5) D:13
 Depths (0/4) D:15

Altars:
Ashenzari
Kikubaaqudgha
Nemelex Xobeh
Trog
Vehumet
Xom
The Shining One
Jiyva

Shops:
D:13 (   D:15 [   Orc:1 :   Orc:2 =?(?

Annotations:
Swamp:2 2 transporters, exclusion: orange crystal statue


Innate Abilities, Weirdness & Mutations

You have a pair of horns on your head.
You reflexively headbutt those who attack you in melee.
You are dopey. (Int -2)


Message History

The fenstrider witch kicks you but does no damage.
You can move again.
Unknown command.
Unknown command.
You closely miss the fenstrider witch.
The fenstrider witch is heavily wounded.
Unknown command.
Unknown command.
You slice the thorn hunter!! You burn the thorn hunter!
The thorn hunter is moderately damaged.
You slash the fenstrider witch! You burn the fenstrider witch.
You feel sick.
The fenstrider witch casts a spell at you.
Your body is wracked with pain!
* * * LOW HITPOINT WARNING * * *
Unknown command.
Unknown command.
You hit the thorn hunter but do no damage.
The thorn hunter is moderately damaged.
You miss the fenstrider witch. The thorn hunter hits you!
* * * LOW HITPOINT WARNING * * *
You block the thorn hunter's attack.
Unknown command.
Unknown command.
Unknown command.
Unknown command.
Unknown command.
You slash the fenstrider witch! You burn the fenstrider witch.
You headbutt the fenstrider witch.
You kill the fenstrider witch!
Trog accepts your kill.
Trog appreciates your killing of a magic user.
A fenstrider witch bone magically twists into a wand of polymorph (10).
You hit the thorn hunter. You burn the thorn hunter.
You feel sick.
Unknown command.
Unknown command.
Unknown command.
You are no longer corroded.
The thorn hunter fires a volley of thorns at you.
The volley of thorns hits you!
You die...

♣♣♣ ♣♣♣♣♣ *♣♣
.~♣♣♣~..♣♣♣♣♣♣♣♣♣♣P♣♣
~~~..~~~.~PPPPPP♣PPP♣♣
~~~..~~~~§PP~~~..~~~?♣♣
~~~(<..~~~PP~~~<....~~♣
.......~.~PP~~~.♣§~~.♣♣♣♣
.~[~~~~~~~PP§~~~@..~~~.~♣♣♣
~~~~~~~~~~~P~~~~~....~~~~.♣♣
.~~~♣♣...~~~[~~~~Hf...~~§~.♣
~#########♣~~~~..~.~♣~.~~~.♣
##,~,*,~~*##~~~~.~~~.♣~.~~~♣*
*~~~***,~,*###~..~~~.♣♣♣.≈≈.♣*
,~~~~*~~~~~~~##~~~~..~..≈≈≈≈.**
~~~~~*~~,~~*#.##~~~.~^≈≈≈≈≈≈≈,***
#**~~*~~**#∩#~~##~~§...≈≈≈≈≈≈|♣♣~


You could see a thorn hunter and a fenstrider witch.

Vanquished Creatures
  Bai Suzhen (Swamp:4)
  A tentacled monstrosity (Swamp:4)
  Mlioglotl (Spider:1)
  Kirke (D:13)
  3 fenstrider witches
  An emperor scorpion (Spider:3)
  The ghost of Gosau the Carver, a journeyman DsGl of Makhleb (D:15)
  A broodmother (Spider:4)
  4 eleionomae
  2 spark wasps
  4 bunyips
  Josephine (D:13)
  A fire dragon (D:15)
  A green death (Swamp:4)
  Snorg (Lair:4)
  2 shambling mangroves
  2 entropy weavers
  A spriggan air mage (Swamp:4)
  Erolcha (Orc:2)
  2 catoblepae (Lair:5)
  A ghost crab (Swamp:2)
  2 centaur warriors
  3 jorogumos
  An ogre mage (Swamp:4)
  4 two-headed ogres
  6 boulder beetles
  3 radroaches
  16 hydras
  11 death yaks
  5 tengu warriors
  8 alligators
  10 spriggans
  A sixfirhy (Swamp:4)
  2 skysharks (Lair:5)
  3 skeletal warriors
  8 pharaoh ants
  4 goliath frogs
  4 sun moths
  Nergalle (Lair:1)
  A deep troll (D:15)
  3 bog bodies (Swamp:3)
  2 spriggan druids (Swamp:2)
  7 swamp dragons
  10 orb spiders
  2 necromancers
  4 steelbarb worms
  3 wizards
  4 cyclopes
  An oklob plant (Lair:5)
  20 wolf spiders
  4 ugly things (D:15)
  12 orc sorcerers
  8 will-o-the-wisps
  3 deep elf pyromancers
  16 elephants
  5 manticores
  6 moths of wrath
  6 black mambas
  Joseph (D:8)
  2 torpor snails
  16 demonic crawlers
  2 centaur skeletons (D:15)
  3 naga magi (D:15)
  4 gargoyles
  2 orange demons (Swamp:4)
  A cane toad (shapeshifter) (D:15)
  18 cane toads
  A rime drake (Lair:3)
  An unseen horror (D:10)
  4 kobold demonologists
  8 komodo dragons
  A yaktaur (shapeshifter) (D:15)
  A yaktaur (D:12)
  A queen bee (Spider:3)
  A hellwing (Swamp:4)
  3 polar bears
  9 trolls
  6 meliai
  12 hornets
  7 tyrant leeches
  18 tarantellas
  21 blink frogs
  21 culicivoras
  4 slime creatures (D:14)
  16 jumping spiders
  9 wraiths
  3 vampires
  A shadow (D:10)
  A neqoxec (Swamp:4)
  2 wyverns (Lair:5)
  66 yaks
  2 hogs (D:13)
  A hog (shapeshifter) (D:14)
  A chaos spawn (Swamp:4)
  6 basilisks
  33 redbacks
  13 vampire mosquitoes
  2 wargs (Orc:1)
  15 swamp worms
  6 acid dragons
  15 water moccasins
  A hornet zombie (D:15)
  11 orc warriors
  2 ice beasts (D:7)
  6 black bears
  6 ogres
  A phantom (D:6)
  46 wolves
  4 centaurs
  A kobold brigand (D:13)
  23 bullfrogs
  3 gnoll sergeants
  A scorpion (D:4)
  11 wights
  32 killer bees
  2 electric eels
  10 howler monkeys
  A crimson imp (Spider:4)
  16 orc priests
  5 jellies
  3 sleepcaps
  A gnoll bouda (D:7)
  2 hounds (D:5)
  An iguana (D:4)
  Ijyb (D:5)
  26 orc wizards
  11 gnolls
  6 adders
  An ufetubus (D:6)
  2 worms
  3 dart slugs
  60 orcs
  6 ball pythons
  12 endoplasms
  A giant cockroach (D:1)
  6 goblins
  5 hobgoblins
  A jackal (D:4)
  4 quokkas
  4 bats
  4 frilled lizards
  19 kobolds
  9 rats
  3 bushes (Lair:5)
975 creatures vanquished.

Vanquished Creatures (collateral kills)
  An orc knight (D:15)
  3 orc wizards (Orc:2)
  An orc (Orc:2)
5 creatures vanquished.

Vanquished Creatures (others)
  A culicivora (Spider:4)
  A human (D:13)
  20 foxfires
  49 fungi
  116 plants
187 creatures vanquished.

Grand Total: 1167 creatures vanquished

Notes
Turn   | Place    | Note
-------+----------+-------------------------------------------
     0 | D:1      | LLlMATKO the Minotaur Berserker began the quest for the
                  | Orb.
     0 | D:1      | Reached XP level 1. HP: 19/19 MP: 0/0
   418 | D:1      | Reached XP level 2. HP: 27/27 MP: 1/1
   906 | D:2      | Reached ** piety under Trog
   961 | D:2      | Reached XP level 3. HP: 33/33 MP: 2/2
  1261 | D:2      | Found a faded altar of an unknown god.
  1537 | D:3      | Identified the +3 cloak "Biwentia" {-Cast rElec rN+ Dex+4}
  1716 | D:3      | Reached XP level 4. HP: 35/40 MP: 3/3
  2461 | D:4      | Noticed a scorpion
  2464 | D:4      | Killed a scorpion
  2465 | D:4      | Reached XP level 5. HP: 47/47 MP: 4/4
  2488 | D:4      | Found a broken altar of Ashenzari.
  2873 | D:4      | Noticed an ogre
  2880 | D:4      | Reached skill level 5 in Axes
  2881 | D:4      | Killed an ogre
  2882 | D:4      | Reached skill level 5 in Fighting
  2882 | D:4      | Reached XP level 6. HP: 56/56 MP: 5/5
  3115 | D:4      | Reached *** piety under Trog
  3315 | D:5      | Entered Level 5 of the Dungeon
  3325 | D:5      | Noticed Ijyb
  3339 | D:5      | Killed Ijyb
  3505 | D:5      | Reached skill level 5 in Armour
  3505 | D:5      | Reached XP level 7. HP: 31/62 MP: 6/6
  4450 | D:5      | Reached skill level 5 in Dodging
  4688 | D:6      | Reached XP level 8. HP: 56/71 MP: 7/7
  5550 | D:6      | Reached skill level 1 in Shields
  5935 | D:7      | Found a staircase to the Ecumenical Temple.
  6070 | D:7      | Reached XP level 9. HP: 80/80 MP: 8/8
  6591 | D:8      | Noticed Joseph
  6595 | D:8      | Reached **** piety under Trog
  6602 | D:8      | Killed Joseph
  6655 | D:8      | Reached skill level 5 in Shields
  6656 | D:8      | Reached XP level 10. HP: 91/91 MP: 9/9
  6784 | D:8      | Reached ***** piety under Trog
  6963 | D:8      | Found a staircase to the Lair.
  7218 | D:9      | Noticed a two-headed ogre
  7228 | D:9      | Killed a two-headed ogre
  7281 | D:9      | Found the +8 trident of the Octopus King {venom, rElec
                  | rPois}
  7410 | D:9      | Reached skill level 10 in Axes
  7416 | D:9      | Reached skill level 10 in Fighting
  8211 | D:10     | Entered Level 10 of the Dungeon
  8445 | D:10     | Found a large runed translucent door.
  8445 | D:10     | Found a large runed translucent door.
  8514 | D:10     | Reached XP level 11. HP: 95/100 MP: 10/10
  8556 | D:10     | Reached skill level 10 in Armour
  8679 | D:10     | Paralysed by a hornet for 2 turns
  8684 | D:10     | Paralysed by a hornet for 1 turns
  8898 | D:10     | Found a glowing golden altar of the Shining One.
  9006 | D:10     | Found a shimmering altar of Xom.
  9097 | Lair:1   | Entered Level 1 of the Lair of Beasts
  9502 | Lair:1   | Noticed Nergalle
  9506 | Lair:1   | Noticed a spectral orc warlord
  9506 | Lair:1   | Noticed a spectral orc warlord
  9509 | Lair:1   | Reached skill level 10 in Dodging
  9511 | Lair:1   | Killed Nergalle
  9715 | Lair:1   | Identified the +6 scale mail of Podu {Fly rC+ rN+ Dex-3}
  9963 | Lair:2   | Noticed a death yak
  9963 | Lair:2   | Noticed a death yak
  9964 | Lair:2   | Noticed a death yak
  9964 | Lair:2   | Noticed a death yak
  9984 | Lair:2   | Noticed a death yak
  9988 | Lair:2   | Killed a death yak
  9989 | Lair:2   | Noticed a death yak
  9992 | Lair:2   | Killed a death yak
 10003 | Lair:1   | Killed a death yak
 10004 | Lair:1   | Reached XP level 12. HP: 92/110 MP: 11/11
 10006 | Lair:1   | Killed a death yak
 10039 | Lair:2   | Killed a death yak
 10044 | Lair:2   | Killed a death yak
 10122 | Lair:2   | Found a hole to the Spider Nest.
 10604 | Lair:2   | Reached skill level 10 in Shields
 10910 | Lair:2   | Found a staircase to the Swamp.
 11498 | D:11     | Received a gift from Trog
 12387 | Lair:3   | Identified a scroll of acquirement
 12387 | Lair:3   | Acquired a manual of Armour
 12399 | Lair:3   | Found a radiant altar of Vehumet.
 12526 | Lair:3   | Reached XP level 13. HP: 114/119 MP: 12/12
 13534 | D:12     | Found a staircase to the Orcish Mines.
 13716 | D:12     | Reached ****** piety under Trog
 14163 | D:12     | Identified the +1 leather armour of the Eight Nights {rPois
                  | Will+}
 14411 | Lair:4   | Noticed Snorg
 14417 | Lair:4   | Killed Snorg
 15121 | Lair:5   | Entered Level 5 of the Lair of Beasts
 15207 | Lair:5   | Received a gift from Trog
 15317 | Lair:5   | Reached XP level 14. HP: 117/130 MP: 13/13
 15324 | Lair:5   | Acquired a manual of Fighting
 15344 | Lair:5   | Reached skill level 15 in Armour
 15738 | Lair:5   | Found a staircase to the Slime Pits.
 15747 | Lair:5   | Found a viscous altar of Jiyva.
 15990 | Lair:5   | Reached skill level 15 in Fighting
 16177 | Lair:5   | Identified the +3 glaive "Lamnaump" {venom, rElec Str+2}
 16374 | Lair:5   | Identified the +0 hand axe "Newtbane" {flame, Fly rPois}
 16845 | Lair:5   | Found a viscous altar of Jiyva.
 16846 | Lair:5   | Found a staircase to the Slime Pits.
 17420 | D:13     | Noticed Josephine
 17423 | D:13     | Killed Josephine
 17509 | D:13     | Noticed Kirke
 17518 | D:13     | Killed Kirke
 17596 | D:13     | Reached skill level 15 in Axes
 17783 | D:13     | Found a gate to the Vaults.
 17823 | D:13     | Found Opewih's Weapon Emporium.
 17829 | D:13     | Bought the +4 broad axe "Qigeti" {flame, rF+ rC+ rCorr} for
                  | 753 gold pieces
 17918 | D:13     | Received a gift from Trog
 18476 | D:14     | Reached XP level 15. HP: 95/144 MP: 14/14
 18782 | D:14     | Found a sparkling altar of Nemelex Xobeh.
 18812 | D:15     | Entered Level 15 of the Dungeon
 18935 | D:15     | Found a transporter.
 19002 | D:15     | Found Ygirphosas's Antique Armour Emporium.
 19209 | D:15     | Found a transporter.
 19220 | D:15     | Found a bloodstained altar of Trog.
 19263 | D:15     | Noticed Gosau's ghost (journeyman DsGl)
 19664 | D:15     | Found a staircase to the Depths.
 19727 | D:15     | Identified the +5 rapier of Rinn {venom, Fragile Will+
                  | Int+6}
 19977 | D:15     | Killed Gosau's ghost
 19986 | D:15     | Received a gift from Trog
 20000 | D:15     | Identified the amulet of the Parsimonious Lemon {RegenMP
                  | rCorr Dex+2 SInv}
 20288 | Spider:1 | Entered Level 1 of the Spider Nest
 20603 | Swamp:1  | Entered Level 1 of the Swamp
 21149 | Orc:1    | Entered Level 1 of the Orcish Mines
 21275 | Orc:1    | Found Laoshruta's Book Shoppe.
 21526 | Orc:2    | Entered Level 2 of the Orcish Mines
 21526 | Orc:2    | Found a staircase to the Elven Halls.
 22257 | Orc:2    | Received a gift from Trog
 22276 | Orc:2    | Found Piusear's Jewellery Boutique.
 22376 | Orc:2    | Found a radiant altar of Vehumet.
 22376 | Orc:2    | Noticed Erolcha
 22398 | Orc:2    | Killed Erolcha
 22634 | Orc:2    | Found an ancient bone altar of Kikubaaqudgha.
 22773 | Orc:2    | Found Awiqah's Magic Scroll Shop.
 22813 | Orc:2    | Found Allug's Magic Scroll Boutique.
 22841 | Orc:2    | Found Uteest's Antique Weapon Shop.
 23322 | Spider:1 | Reached XP level 16. HP: 142/157 MP: 15/15
 23411 | Spider:1 | Noticed Mlioglotl
 23423 | Spider:1 | Killed Mlioglotl
 23423 | Spider:1 | Received a gift from Trog
 24109 | Spider:2 | Reached skill level 15 in Dodging
 24257 | Spider:2 | Acquired the ring "Mil Luer" {Slay+5 SInv}
 24748 | Spider:2 | Reached skill level 15 in Shields
 26651 | Spider:4 | Entered Level 4 of the Spider Nest
 26713 | Spider:3 | Acquired 1142 gold pieces
 26972 | Orc:2    | Bought a scroll of magic mapping for 97 gold pieces
 27382 | Spider:4 | Received a gift from Trog
 28714 | Spider:4 | Reached XP level 17. HP: 170/170 MP: 16/16
 29281 | Spider:4 | Got a gossamer rune of Zot
 29282 | Spider:4 | Identified the +0 pair of boots of Nurao {rPois rF- rC++
                  | Int+3}
 30937 | Swamp:2  | Found a transporter.
 31031 | Swamp:2  | Received a gift from Trog
 31259 | Swamp:2  | Found a transporter.
 33007 | Swamp:4  | Entered Level 4 of the Swamp
 33557 | Swamp:4  | Noticed a tentacled monstrosity
 33568 | Swamp:4  | Killed a tentacled monstrosity
 33693 | Swamp:4  | Paralysed by an ogre mage for 5 turns
 33932 | Swamp:4  | Noticed Bai Suzhen
 33946 | Swamp:4  | Killed Bai Suzhen
 34032 | Swamp:4  | Gained mutation: You are dopey. (Int -2) [a neqoxec]
 34117 | Swamp:4  | Paralysed by a fenstrider witch for 5 turns
 34128 | Swamp:4  | Paralysed by a fenstrider witch for 3 turns
 34134 | Swamp:4  | HP: 3/258 [thorn hunter (14)]
 34136 | Swamp:4  | Killed from afar by a thorn hunter

Illustrated notes

Levels and vault maps discovered:
D:1:      dpeg_arrival_snail, layout_loops_ring, st_stairs_9
D:2:      layout_loops_ring, hellmonk_ecumenical_altar_inner_sanctum,
          minmay_fountain_box
D:3:      layout_basic, kennysheep_generic_room_2
D:4:      layout_loops_cross, mainiacjoe_overflow_six_doors_small,
          kennysheep_potato
D:5:      lemuel_ice_spiral_2, layout_basic, kennysheep_path_1,
          chequers_serial_rivers_large_b, grunt_ministairs_5, uniq_ijyb
D:6:      layout_basic, kennysheep_small_square
D:7:      layout_gridville, minmay_temple_entry_antechambers
D:8:      layout_basic, due_lair_maze_entry_diamond, grunt_ministairs_2,
          uniq_joseph
D:9:      layout_loops_ring
D:10:     layout_rooms, jmf_multi_god_temple2, chequers_mini_garden,
          minmay_quadrilaterals
D:11:     layout_irregular_city
D:12:     layout_basic, orc_0_dummy, chequers_arboretum,
          kennysheep_windowed_goal
D:13:     layout_loops_cross, david_vaults_1, serial_shops,
          nicolae_shop_just_a_little_nook, uniq_kirke, uniq_josephine
D:14:     layout_basic, nemelex_lonely_heart_becter
D:15:     grunt_enter_depths_magical_seal, layout_stronghold,
          gammafunk_ghost_wrathful_warriors, serial_shops,
          nicolae_shop_just_a_little_nook, kennysheep_two_boxes
Lair:1:   layout_chaotic_city, uniq_nergalle
Lair:2:   layout_chaotic_city, minmay_swamp_entry_worms,
          hellmonk_spider_entry_life_and_decay, minmay_hedge_maze,
          grunt_forest_large_clearings
Lair:3:   layout_cave_pods, lemuel_altar_in_water2,
          nicolae_lair_grove_arrangements, lemuel_fruit_tree
Lair:4:   layout_loops_ring, uniq_snorg
Lair:5:   minmay_lair_end_frog_pond, layout_gridlike,
          nicolae_slime_entry_slimehenge, st_stairs_10, minmay_lair_oklob_bushes
Swamp:1:  layout_falls_marsh, evilmike_swamp_ruin_wall, swamp_pool1
Swamp:2:  gammafunk_sealed_arena, layout_falls_marsh,
          nicolae_swamp_dense_foliage, swamp_pool2
Swamp:3:  layout_basic_swamp, evilmike_swamp_ruin_house_3
Swamp:4:  nzn_swamp_witches_coven, layout_basic_swamp,
          infiniplex_staircase_pool, uniq_bai_suzhen
Spider:1: layout_spider_delve, uniq_mlioglotl
Spider:2: layout_chambers
Spider:3: layout_spider_delve, special_room [special_room_bee]
Spider:4: grunt_spider_rune_island, nicolae_crawler_farm
Orc:1:    layout_caves, serial_shops, shop
Orc:2:    kennysheep_orc_mage_school, layout_caves, mines2_david

Skill      XL: |  1  2  3  4  5  6  7  8  9 10 11 12 13 14 15 16 17 |
---------------+----------------------------------------------------+-----
Axes           | 4 5 6 7 9 10 11 12 13 15 16 17 18 | 18.3
Fighting       | 4 5 6 7 9 10 11 12 13 16 18 19 20 | 20.7
Armour         | 3 4 5 7 8 9 11 12 14 16 18 19 20 | 20.5
Dodging        | 3 4 5 6 7 9 10 11 12 13 14 15 16 | 16.6
Shields        | 2 5 7 8 10 12 13 14 15 16 | 16.9

Action                     |  1- 3 |  4- 6 |  7- 9 | 10-12 | 13-15 | 16-18 || total
---------------------------+-------+-------+-------+-------+-------+-------++-------
  Melee: Hand axe          |    90 |    90 |    92 |       |       |       ||   272
         Headbutt          |    12 |    24 |    35 |   126 |   156 |   189 ||   542
         Punch             |     1 |     1 |     1 |       |       |       ||     3
         War axe           |       |       |    80 |   494 |       |       ||   574
         Executioner's axe |       |       |       |    23 |   264 |       ||   287
         Broad axe         |       |       |       |       |   395 |   734 ||  1129
  Throw: Dart              |       |       |       |    14 |    42 |     6 ||    62
 Invoke: Berserk           |       |     3 |     5 |    12 |    13 |    11 ||    44
         Brothers in Arms  |       |       |       |       |     3 |       ||     3
         Trog's Hand       |       |       |       |       |     2 |       ||     2
  Evoke: Wand              |       |       |       |       |     1 |     1 ||     2
    Use: Scroll            |       |       |       |     5 |    15 |    15 ||    35
         Potion            |       |       |       |       |       |     1 ||     1
   Stab: Sleeping          |     2 |       |       |       |       |       ||     2
         Petrified         |       |       |       |       |     1 |       ||     1
         Distracted        |       |       |       |       |     3 |     1 ||     4
         Held in net/web   |       |       |       |       |       |     1 ||     1
 Armour: Animal skin       |     4 |       |       |       |       |       ||     4
         Chain mail        |    27 |    44 |   116 |    31 |       |       ||   218
         Plate armour      |       |       |       |   224 |   455 |   303 ||   982
  Dodge: Dodged            |    41 |    44 |   125 |   324 |   612 |   490 ||  1636
  Block: Buckler           |       |       |    43 |   179 |   149 |   313 ||   684
         Reflection        |       |       |       |       |       |     2 ||     2
